 Dungeon Crawl Stone Soup version 0.26.0-10-g1f06aea511 (webtiles) character file.

Game seed: 6960865296093248024

63 dohliylev the Skirmisher (level 4, -3/41 HPs)
             Began as a Hill Orc Abyssal Knight on Jan 28, 2021.
             Was a Follower of Lugonu.
             Slain by a worker ant (7 damage)
             ... on level 3 of the Dungeon.
             The game lasted 00:02:22 (2458 turns).

dohliylev the Skirmisher (Hill Orc Abyssal Knight)  Turns: 2458, Time: 00:02:23

Health: -3/41      AC:  3    Str: 15    XL:     4   Next: 10%
Magic:  6/6        EV: 11    Int: 12    God:    Lugonu [*.....]
Gold:   124        SH:  0    Dex: 10    Spells: 3/3 levels left

rFire    . . .     SeeInvis .   a - +1 hand axe
rCold    . . .     Faith    .   (no shield)
rNeg     . . .     Spirit   .   b - +0 leather armour
rPois    .         Reflect  .   (no helmet)
rElec    .         Harm     .   (no cloak)
rCorr    .         Rampage  .   (no gloves)
Will     .....                  (no boots)
Stlth    +.........             (no amulet)
HPRegen  0.13/turn              (no ring)
MPRegen  0.10/turn              (no ring)

@: lethally poisoned (-3 -> -16)
A: no striking features
a: Renounce Religion, Depart the Abyss


You were on level 3 of the Dungeon.
You worshipped Lugonu.
Lugonu was aware of your devotion.
You visited 1 branch of the dungeon, and saw 3 of its levels.
You visited the Abyss 1 time.

You collected 124 gold pieces.

Inventory:

Hand Weapons
 a - a +1 hand axe (weapon)
Armour
 b - a +0 leather armour (worn)
Scrolls
 c - 5 scrolls of identify {unknown}
 e - a scroll of enchant armour {unknown}
 f - 2 scrolls of noise {unknown}
 g - a scroll of remove curse {unknown}
 h - a scroll of teleportation {unknown}
Potions
 d - a potion of cancellation {unknown}


   Skills:
 + Level 4.5 Fighting
 + Level 3.8 Axes
 + Level 2.9 Armour
 + Level 0.9 Dodging
 + Level 2.8 Invocations


You had 3 spell levels left.
You didn't know any spells.
Your spell library was empty.

Dungeon Overview and Level Annotations

Branches:
Dungeon (3/15)

Altars:
Sif Muna
Yredelemnul


Message History

The worker ant barely misses you.
You hit the worker ant but do no damage.
The worker ant is lightly wounded.
The worker ant closely misses you. The worker ant bites you!
* * * LOW HITPOINT WARNING * * *
You are poisoned.
The worker ant poisons you!
You hit the worker ant but do no damage.
The worker ant is lightly wounded.
You feel sick. The worker ant closely misses you.
You hit the worker ant.
The worker ant is heavily wounded.
You feel sick. The worker ant closely misses you.
You hit the worker ant.
The worker ant is severely wounded.
The worker ant bites you.
* * * LOW HITPOINT WARNING * * *
You are more poisoned.
The worker ant poisons you! The worker ant bites you!
You die...

... .. ..###
... ..# ####
#####.##.....
#.$.†B....#
#....@....#
#.........#
#.<.......#
###########


You could see a worker ant.

Vanquished Creatures
  2 adders (D:2)
  A worm (D:2)
  2 dart slugs
  A leopard gecko (D:3)
  2 ball pythons (D:2)
  A giant cockroach (D:1)
  5 goblins
  8 hobgoblins
  8 kobolds
  4 bats (D:1)
  A frilled lizard (D:2)
35 creatures vanquished.

Notes
Turn   | Place    | Note
-------+----------+-------------------------------------------
     0 | Abyss:1  | dohliylev the Hill Orc Abyssal Knight began the quest for
                  | the Orb.
     0 | Abyss:1  | Reached XP level 1. HP: 19/19 MP: 2/2
    44 | Abyss:1  | Noticed a ynoxinul
    46 | D:1      | Escaped the Abyss
   420 | D:1      | Reached XP level 2. HP: 26/27 MP: 4/4
   483 | D:1      | Reached skill level 4 in Fighting
   815 | D:1      | Reached * piety under Lugonu
  1246 | D:2      | Reached XP level 3. HP: 19/33 MP: 5/5
  1925 | D:2      | Found a basalt altar of Yredelemnul.
  1945 | D:2      | Found a shimmering blue altar of Sif Muna.
  2114 | D:2      | Reached XP level 4. HP: 41/41 MP: 6/6
  2458 | D:3      | Slain by a worker ant

Illustrated notes

Levels and vault maps discovered:
D:1:      psy_arrival_conway, layout_loops_ring, serial_forest,
          infiniplex_forest_clump_tiny, infiniplex_forest_straight_3,
          infiniplex_forest_corner_2, infiniplex_forest_end_1,
          kennysheep_flooded_box, st_stairs_8
D:2:      layout_basic, nicolae_overflow_hidden_temple, lemuel_doored_altar,
          minmay_domino_4
D:3:      layout_rooms, ebering_ghost_reflecting_pool

Skill      XL: |  1  2 |
---------------+-------+-----
Fighting       | 4 |  4.5
Axes           | 3 |  3.8
Armour         | |  2.9
Dodging        | |  0.9
Invocations    | |  2.8

Action                   |  1- 3 |  4- 6 || total
-------------------------+-------+-------++-------
Melee: Hand axe          |    90 |    15 ||   105
Invok: Depart the Abyss  |     1 |       ||     1
 Stab: Sleeping          |     1 |       ||     1
Armor: Leather armour    |    30 |     5 ||    35
Dodge: Dodged            |    65 |    15 ||    80
